 Dungeon Crawl Stone Soup version 0.25-a0-36-g303dd5b1f4 (webtiles) character file.

Game seed: 9387778837578577181, levelgen mode: deterministic

823 Flugkiller the Vexing (level 7, -4/46 HPs)
             Began as an Octopode Enchanter on Oct 20, 2019.
             Was a Follower of Sif Muna.
             Slain by a phantom (6 damage)
             ... on level 5 of the Dungeon.
             The game lasted 00:07:37 (5701 turns).

Flugkiller the Vexing (Octopode Enchanter)          Turns: 5701, Time: 00:07:38

Health: -4/46      AC:  2    Str: 14 (15) XL:     7   Next: 96%
Magic:  6/11       EV: 15    Int: 13 (16) God:    Sif Muna [*.....]
Gold:   196        SH:  0    Dex: 11 (13) Spells: 6/12 levels left

rFire    . . .     SeeInvis .   i - +0 spear (venom)
rCold    . . .     Gourm    +   (no shield)
rNeg     . . .     Faith    .   o - +1 hat
rPois    .         Spirit   .   l - amulet of the gourmand
rElec    .         Reflect  .   u - -2 ring of intelligence (curse)
rCorr    .         Harm     .   y - +2 ring of strength
MR       .....                  (no ring)
Stlth    ++++......             (no ring)
HPRegen  0.15/turn              (no ring)
MPRegen  0.12/turn              (no ring)
                                (no ring)
                                (no ring)

@: mighty, flying
A: almost no armour, stealthy swim, amphibious, 8 rings, constrict 8, camouflage
1, gelatinous body 1
a: Channel Magic, Renounce Religion


You were on level 5 of the Dungeon.
You worshipped Sif Muna.
Sif Muna was aware of your devotion.
You were very full.

You visited 1 branch of the dungeon, and saw 5 of its levels.

You collected 196 gold pieces.

Inventory:

Hand Weapons
 a - a +1 dagger
 i - a +0 spear of venom (weapon)
   (You found it on level 1 of the Dungeon)
Missiles
 j - 4 throwing nets (quivered)
Armour
 o - a +1 hat (worn)
   (You found it on level 2 of the Dungeon)
Jewellery
 l - an amulet of the gourmand (around mantle)
   (You found it on level 2 of the Dungeon)
 u - a cursed -2 ring of intelligence (left tentacle)
   (You found it on level 2 of the Dungeon)
 y - a +2 ring of strength (right tentacle)
   (You found it on level 4 of the Dungeon)
Wands
 q - a wand of polymorph (7)
   (You found it on level 2 of the Dungeon)
 z - a wand of paralysis (11)
   (You took it off Ijyb on level 4 of the Dungeon)
Scrolls
 d - 2 scrolls of remove curse {unknown}
 g - a scroll of magic mapping {unknown}
 h - 2 scrolls of fear {unknown}
 k - a scroll of blinking {unknown}
 m - a scroll of immolation {unknown}
 s - 5 scrolls of identify
 v - a scroll of teleportation {unknown}
 x - a scroll of amnesia {unknown}
Potions
 b - a potion of cancellation {unknown}
 e - a potion of degeneration
 f - 2 potions of might
 n - a potion of resistance
 p - 2 potions of mutation
 r - a potion of ambrosia
 t - a potion of flight
 w - a potion of berserk rage {unknown}
 B - 2 potions of heal wounds {unknown}
Comestibles
 c - 5 rations


   Skills:
 - Level 3.2 Fighting
 - Level 1.0 Short Blades
 + Level 0.0 Polearms
 - Level 5.1 Dodging
 - Level 5.1 Stealth
 - Level 3.0 Spellcasting
 - Level 6.0 Hexes


You had 6 spell levels left.
You knew the following spells:

 Your Spells              Type           Power        Failure   Level  Hunger
a - Corona                Hex            ###....      1%          1    #......
b - Ensorcelled Hibernat  Hex/Ice        #.....       10%         2    ###....
c - Confuse               Hex            ###.....     6%          3    ###....

Your spell library contained the following spells:

 Spells                   Type           Power        Failure   Level  Hunger
 Tukima's Dance           Hex            ###.....     6%          3    ###....
 Dazzling Spray           Conj/Hex       #.....       21%         3    ###....


Dungeon Overview and Level Annotations

Branches:
Dungeon (5/15)
 Temple: D:4-7

Altars:
Cheibriados
Dithmenos
Gozag
Kikubaaqudgha
Qazlal
Sif Muna
Wu Jian
Xom
The Shining One


Innate Abilities, Weirdness & Mutations

You cannot wear most types of armour.
You are very stealthy in the water. (Stealth+)
You are amphibious.
You can wear up to eight rings at the same time.
You can use your tentacles to constrict eight enemies at once.
Your skin changes colour to match your surroundings (Stealth+).
Your rubbery body absorbs attacks. (AC +1, EV +1)


Message History

You hit the phantom but do no damage. Your squeeze misses the phantom.
The phantom is almost destroyed.
The phantom closely misses you.
Unknown command.
You hit the phantom but do no damage.
The phantom is severely damaged.
The phantom hits you!
* * * LOW HITPOINT WARNING * * *
The phantom blinks!
Unknown command.
Okay, then.
Unknown command.
You see here 19 stones.
Unknown command.
Unknown command.
The phantom blinks!
Unknown command.
The phantom blinks!
The phantom blinks!
There is a stone staircase leading down here.
A quokka comes into view.
The phantom blinks!
The phantom blinks!
An orc comes into view. It is wielding a +0 hand axe.
An orc and an orc wizard come into view.
The orc wizard is wielding a +1 dagger of draining.
The orc shouts!
The phantom blinks!
The orc shouts!
The orc wizard shouts!
Unknown command.
The phantom blinks!
The orc wizard casts a spell at you. The magic dart hits you.
* * * LOW HITPOINT WARNING * * *
Okay, then.
It was a potion of flight.
You feel very buoyant.
You fly up into the air.
The phantom blinks!
The orc wizard casts a spell at you. The magic dart hits you.
* * * LOW HITPOINT WARNING * * *
It was a potion of might.
You feel very mighty all of a sudden. The phantom completely misses you.
Unknown command.
It was a potion of degeneration.
There was something very wrong with that liquid.
You feel weakened.
You feel dopey.
You feel clumsy. The phantom hits you.
You die...

........# ≈..l.. #.......#
≈....#. #.......# ≈≈#.##..##
#.......# ≈≈..# #...###.......#
≈≈..# #......r....# ≈≈≈.#
####.........#######
≈≈≈.####..>.....W.........##
≈≈≈.........#...@.oo.......###
≈≈≈.......#######............##
≈≈≈#....### ###...........#
≈≈≈#÷#...### ####......_...#
≈≈≈........# ##.............#
≈≈....(....####...##..........#
≈≈......(W<.....####..........###
≈≈....((......................(..
≈....§.........###............###


You could see a phantom, 2 orcs and a quokka.

Vanquished Creatures
  An ogre (D:4)
  A centaur (D:5)
  A scorpion (D:4)
  2 crimson imps (D:5)
  A howler monkey (D:5)
  A bullfrog zombie (D:5)
  2 hounds (D:5)
  A jelly (D:5)
  2 orc wizards
  Ijyb (D:4)
  2 worker ants
  A hound skeleton (D:4)
  5 gnolls
  2 worker ant zombies (D:2)
  6 adders
  An ooze (D:1)
  An adder zombie (D:5)
  3 dart slugs
  6 leopard geckos
  14 orcs
  5 bats
  2 bat skeletons (D:2)
  3 giant cockroaches
  6 hobgoblins
  3 jackals (D:5)
  8 frilled lizards
  8 goblins
  8 kobolds
  A quokka skeleton (D:2)
  A quokka zombie (D:5)
  7 rats
106 creatures vanquished.

Notes
Turn   | Place    | Note
-------+----------+-------------------------------------------
     0 | D:1      | Flugkiller the Octopode Enchanter began the quest for the
                  | Orb.
     0 | D:1      | Reached XP level 1. HP: 11/11 MP: 3/3
   270 | D:1      | Reached skill level 1 in Fighting
   463 | D:1      | Reached XP level 2. HP: 18/18 MP: 5/5
   505 | D:1      | Learned a level 2 spell: Ensorcelled Hibernation
   844 | D:2      | Reached XP level 3. HP: 20/23 MP: 6/6
   884 | D:2      | Reached skill level 4 in Hexes
  1051 | D:2      | Learned a level 3 spell: Confuse
  1339 | D:2      | Reached XP level 4. HP: 28/28 MP: 7/7
  1781 | D:2      | Found a shimmering blue altar of Sif Muna.
  1923 | D:2      | Reached skill level 5 in Hexes
  2021 | D:2      | Became a worshipper of Sif Muna the Loreminder
  2644 | D:3      | Reached XP level 5. HP: 25/33 MP: 8/8
  3541 | D:4      | Noticed Ijyb
  3553 | D:3      | Reached XP level 6. HP: 25/41 MP: 9/9
  4427 | D:4      | Found an ancient bone altar of Kikubaaqudgha.
  4432 | D:4      | Noticed an air elemental
  4435 | D:4      | Reached * piety under Sif Muna
  4462 | D:4      | Reached XP level 7. HP: 46/46 MP: 1/10
  4630 | D:4      | Found a stormy altar of Qazlal.
  4632 | D:4      | Noticed a fire elemental
  4633 | D:4      | Noticed a water elemental
  4687 | D:4      | Killed Ijyb
  4687 | D:4      | Reached skill level 5 in Dodging
  4700 | D:4      | Found a glowing golden altar of the Shining One.
  4701 | D:4      | Found a shimmering altar of Xom.
  4701 | D:4      | Found a snail-covered altar of Cheibriados.
  4703 | D:4      | Found an ornate altar of the Wu Jian Council.
  4705 | D:4      | Found a shadowy altar of Dithmenos.
  4773 | D:5      | Entered Level 5 of the Dungeon
  4874 | D:5      | Found an opulent altar of Gozag.
  5278 | D:5      | Reached skill level 6 in Hexes
  5289 | D:5      | Reached skill level 5 in Stealth
  5699 | D:5      | HP: 2/46 [orc wizard/magic dart (5)]
  5701 | D:5      | Slain by a phantom

Levels and vault maps discovered:
D:1:      shiori_arrival_maze, layout_loops_ring
D:2:      minmay_angry_zag, layout_loops_ring, serial_undead, serial_undead_a,
          serial_undead_b, serial_undead_f, serial_undead_e, led_sif_pool
D:3:      layout_basic
D:4:      layout_rooms, minitemple, nicolae_qazlal_style_of_elements, uniq_ijyb
D:5:      wander_river, layout_rooms, basic_altar, first_ration,
          minmay_shop_grid_forest, nrook_mini_vaults, cheibrodos_gnoll_hut

Skill      XL: |  1  2  3  4  5  6  7 |
---------------+----------------------+-----
Fighting       | 1 2 3 |  3.2
Hexes          | 4 5 6 |  6.0
Dodging        | 3 4 5 |  5.1
Spellcasting   | 3 |  3.0
Stealth        | 5 |  5.1
Short Blades   | |  1.0

Action                   |  1- 3 |  4- 6 |  7- 9 || total
-------------------------+-------+-------+-------++-------
Melee: Dagger            |    15 |       |       ||    15
       Spear             |    56 |   171 |   127 ||   354
       Constrict         |    16 |    32 |    16 ||    64
       Tentacles         |     5 |    20 |    12 ||    37
 Cast: Confuse           |       |     5 |    14 ||    19
  Use: Scroll            |     3 |       |       ||     3
       Potion            |       |       |     3 ||     3
 Stab: Sleeping          |    13 |    26 |     2 ||    41
       Distracted        |     1 |       |       ||     1
       Confused          |       |       |    10 ||    10
  Eat: Chunk             |     1 |    21 |     5 ||    27
Armor: Skin              |     3 |    10 |     3 ||    16
Dodge: Dodged            |    24 |    74 |    69 ||   167

Table legend:
 A = Non-vault XP
 B = Vault XP
 C = Vault XP percentage of total XP
 D = Non-vault monster count
 E = Vault monster count
 F = Vault count percentage of total count
                 A         B        C        D         E       F
            +---------+---------+-------+---------+---------+-------
      Total |     990 |     186 |  15.8 |      90 |      16 |  15.1
            +---------+---------+-------+---------+---------+-------
        D:1 |      26 |       3 |  10.3 |      14 |       2 |  12.5
        D:2 |      49 |      45 |  47.9 |      21 |      10 |  32.3
        D:3 |     195 |       0 |   0.0 |      29 |       0 |   0.0
        D:4 |     321 |      38 |  10.6 |      11 |       1 |   8.3
        D:5 |     399 |     100 |  20.0 |      15 |       3 |  16.7
            +---------+---------+-------+---------+---------+-------
